 Dungeon Crawl Stone Soup version 0.28-a0-793-g31680bbd8b (webtiles) character file.

Game seed: 13332710370112408584

436 frimble the Ruffian (level 6, -3/57 HPs)
             Began as a Troll Warper on Nov 4, 2021.
             Slain by a gnoll (8 damage)
             ... on level 4 of the Dungeon.
             The game lasted 00:03:00 (2485 turns).

frimble the Ruffian (Troll Warper)                  Turns: 2485, Time: 00:03:01

Health: -3/57      AC:  5    Str: 20    XL:     6   Next: 69%
Magic:  6/6        EV:  9    Int: 17    God:
Gold:   139        SH:  0    Dex:  9    Spells: 5/7 levels left

rFire   . . .      SeeInvis .     - Unarmed
rCold   . . .      Faith    .   (no shield)
rNeg    . . .      Spirit   .   a - +1 robe
rPois   .          Reflect  .   (helmet restricted)
rElec   .          Harm     .   (no cloak)
rCorr   +          Rampage  .   (gloves unavailable)
Will    .....                   (boots unavailable)
Stlth   +.........              (no amulet)
HPRegen 1.19/turn               g - +6 ring of intelligence
MPRegen 0.10/turn               i - ring of resist corrosion

@: no status effects
A: large, unfitting armour, claws 3, regeneration 1, shaggy fur 1, tough skin 1
a: no special abilities


You were on level 4 of the Dungeon.
You visited 1 branch of the dungeon, and saw 4 of its levels.

You collected 139 gold pieces.

Inventory:

Missiles
 c - 5 boomerangs of dispersal (quivered)
Armour
 a - a +1 robe (worn)
 d - a +0 kite shield
Jewellery
 g - a +6 ring of intelligence (left claw)
 i - a ring of resist corrosion (right claw)
Scrolls
 b - 2 scrolls of blinking
 l - a scroll of teleportation {unknown}
Potions
 e - a potion of ambrosia {unknown}
 f - 2 potions of brilliance {unknown}
 h - a potion of cancellation {unknown}
 j - a potion of flight {unknown}
 k - a potion of curing {unknown}
 m - 2 potions of degeneration {unknown}


   Skills:
 - Level 2.1 Fighting
 - Level 1.6 Throwing
 - Level 1.9 Dodging
 + Level 3.3 Shields
 + Level 4.9 Unarmed Combat
 - Level 1.2 Spellcasting
 - Level 2.5 Translocations


You had 5 spell levels left.
You knew the following spells:

 Your Spells              Type           Power      Damage    Failure   Level
a - Blink                 Tloc           18%        N/A       11%         2

Your spell library contained the following spells:

 Spells                   Type           Power      Damage    Failure   Level
 Shock                    Conj/Air       4%         1d3       22%         1
 Gell's Gravitas          Tloc           9%         N/A       22%         3
 Lesser Beckoning         Tloc           9%         N/A       22%         3
 Teleport Other           Tloc           9%         N/A       22%         3
 Ensorcelled Hibernation  Hex/Ice        2%         N/A       32%         2
 Swiftness                Air            1%         N/A       54%         3
 Tukima's Dance           Hex            1%         N/A       54%         3
 Manifold Assault         Tloc           9%         N/A       90%         5
 Airstrike                Air            0%         N/A       91%         4


Dungeon Overview and Level Annotations

Branches:
Dungeon (4/15)
 Temple: D:4-7

Altars:


Innate Abilities, Weirdness & Mutations

You are too large for most types of armour.
You have claws for hands.
Your natural rate of healing is unusually fast.
You are covered in fur. (AC +1)
You have tough skin. (AC +1)


Message History

You scratch the gnoll.
You kill the gnoll!
You scratch the gnoll. Your claw misses the gnoll.
The gnoll is lightly wounded.
The gnoll hits you with a +2 flail of protection.
You barely miss the gnoll.
The gnoll is lightly wounded.
You closely miss the gnoll.
The gnoll is lightly wounded.
The gnoll hits you with a +2 flail of protection!
You closely miss the gnoll.
The gnoll is lightly wounded.
The gnoll hits you with a +2 flail of protection.
You claw the gnoll!
The gnoll is severely wounded.
The gnoll barely misses you.
You scratch the gnoll.
The gnoll is almost dead.
The gnoll hits you with a +2 flail of protection!
* * * LOW HITPOINT WARNING * * *
You scratch the gnoll but do no damage.
The gnoll is almost dead.
The gnoll hits you with a +2 flail of protection.
* * * LOW HITPOINT WARNING * * *
You closely miss the gnoll.
The gnoll is almost dead.
The gnoll hits you with a +2 flail of protection!
* * * LOW HITPOINT WARNING * * *
You closely miss the gnoll.
The gnoll is almost dead.
The gnoll hits you with a +2 flail of protection.
* * * LOW HITPOINT WARNING * * *
You scratch the gnoll.
The gnoll is almost dead.
The gnoll hits you with a +2 flail of protection.
* * * LOW HITPOINT WARNING * * *
You scratch the gnoll but do no damage.
The gnoll is almost dead.
The gnoll hits you with a +2 flail of protection!
You die...

##########.## #.# #.#
#.#### #.# #..... ##+##
###### . # ##...## ... #.
##.....## ### ....#.#
##.......## ##.#
.......####........[####...
.!.....).g@.........'......
.......####.........####...
......# ##.......## ##.#
#...#. ##.....## ### ### #
##...## ##+##


You could see a gnoll.

Vanquished Creatures
  A hound (D:3)
  An iguana (D:4)
  5 orc wizards
  A howler monkey skeleton (D:4)
  4 adders
  7 gnolls (D:4)
  An ufetubus (D:3)
  3 adder skeletons
  A worm (D:3)
  3 dart slugs
  19 orcs
  6 ball pythons
  6 endoplasms
  4 giant cockroaches
  4 goblins
  10 hobgoblins
  11 jackals
  5 kobolds
  3 quokkas
  4 bats
  2 frilled lizards
  8 rats
109 creatures vanquished.

Notes
Turn   | Place    | Note
-------+----------+-------------------------------------------
     0 | D:1      | frimble the Troll Warper began the quest for the Orb.
     0 | D:1      | Reached XP level 1. HP: 19/19 MP: 1/1
   115 | D:1      | Reached skill level 1 in Throwing
   258 | D:1      | Reached XP level 2. HP: 28/28 MP: 2/2
   720 | D:2      | Found a faded altar of an unknown god.
   731 | D:2      | Reached XP level 3. HP: 32/35 MP: 3/3
   805 | D:2      | Learned a level 2 spell: Blink
   989 | D:2      | Reached XP level 4. HP: 42/42 MP: 4/4
  1150 | D:2      | Reached skill level 1 in Shields
  1345 | D:3      | Reached skill level 3 in Unarmed Combat
  1647 | D:3      | Reached XP level 5. HP: 22/49 MP: 5/5
  1821 | D:3      | Reached skill level 4 in Unarmed Combat
  2056 | D:4      | Reached XP level 6. HP: 57/57 MP: 6/6
  2485 | D:4      | Slain by a gnoll

Illustrated notes

Levels and vault maps discovered:
D:1:      sevenhm_arrival_forest_fort_small_3, layout_basic
D:2:      minmay_inner_zag, layout_basic, hellmonk_ecumenical_altar_dog_temple
D:3:      layout_basic, hangedman_decor_clover_reticule,
          minmay_misc_feat_pillars
D:4:      layout_loops_corners

Skill      XL: |  1  2  3  4  5  6 |
---------------+-------------------+-----
Throwing       | 1 |  1.6
Fighting       | 2 |  2.1
Shields        | 1 2 3 |  3.3
Unarmed Combat | 3 4 |  4.9
Dodging        | |  1.9
Spellcasting   | |  1.2
Translocations | |  2.5

Action                   |  1- 3 |  4- 6 || total
-------------------------+-------+-------++-------
Melee: Unarmed           |   111 |   219 ||   330
       Punch             |       |     6 ||     6
  Use: Scroll            |     3 |       ||     3
Armor: Robe              |    62 |    88 ||   150
Dodge: Dodged            |    65 |   118 ||   183

Table legend: (Time is in decaauts)
 A = Elapsed time spent in this place.
 B = Non-inter-level travel time spent in this place.
 C = Inter-level travel time spent in this place.
 D = Time resting spent in this place.
 E = Time spent auto-exploring this place.
 F = Levels seen in this place.
 G = Mean time per level.
                   A        B        C        D        E       F      G
               +--------+--------+--------+--------+--------+-----+--------+
         Total |   2465 |   2412 |     53 |      0 |   1789 |   4 |  616.2 |
       Dungeon |   2465 |   2412 |     53 |      0 |   1789 |   4 |  616.2 |
               +--------+--------+--------+--------+--------+-----+--------+

Top non-repeatable levels by time:
     D:1: 715 daAuts
     D:2: 674 daAuts
     D:3: 611 daAuts
     D:4: 463 daAuts
